 Dungeon Crawl Stone Soup version 0.25-a0-697-g890751e744 (webtiles) character file.

Game seed: 18294139473214659180, levelgen mode: deterministic

37849 KiliKikkendorf the Cleaver (level 13, -4/116 HPs)
             Began as a Hill Orc Fighter on Apr 1, 2020.
             Was a High Priest of Makhleb.
             Slain by an entropy weaver (9 damage)
             ... on level 2 of the Spider Nest.
             The game lasted 01:52:56 (16951 turns).

KiliKikkendorf the Cleaver (Hill Orc Fighter)      Turns: 16951, Time: 01:52:59

Health: -4/116     AC: 22    Str: 27    XL:     13   Next: 99%
Magic:  0/19       EV:  5    Int:  8    God:    Makhleb [*****.]
Gold:   1066       SH: 10    Dex: 10    Spells: 12/12 levels left

rFire    . . .     SeeInvis .   a - +0 broad axe (protect)
rCold    . . .     Gourm    .   c - +0 kite shield
rNeg     . . .     Faith    .   L - +1 plate armour of Wavul {rPois Stlth+}
rPois    +         Spirit   +   (helmet restricted)
rElec    .         Reflect  .   v - +0 cloak
rCorr    .         Harm     .   (no gloves)
MR       +....                  j - +2 pair of boots
Stlth    ..........             g - amulet of guardian spirit
HPRegen  0.29/turn              D - +3 ring of strength
MPRegen  0.16/turn              n - ring of protection from magic

@: mighty, corroded, protection aura, invisible
A: beak, molten scales 1, screaming 1
a: Minor Destruction, Lesser Servant of Makhleb, Major Destruction, Greater
Servant of Makhleb, Renounce Religion


You were on level 2 of the Spider Nest.
You worshipped Makhleb.
Makhleb was extremely pleased with you.
You were not hungry.

You visited 3 branches of the dungeon, and saw 19 of its levels.
You also visited: Sewer.

You collected 1066 gold pieces.

Inventory:

Hand Weapons
 a - a +0 broad axe of protection (weapon)
 s - a +5 flail of freezing
 Q - the +5 hand crossbow "Goblinbane" {elec, SInv}
   (You found it on level 5 of the Lair of Beasts)

   It charges the ammunition it shoots with electricity; occasionally upon a
   hit, such missiles may discharge and cause terrible harm.
   It lets you see invisible.
 U - a +2 arbalest of freezing
Missiles
 w - 6 curare-tipped darts
 y - 61 poisoned darts
 C - 8 javelins (quivered)
 P - 20 bolts
Armour
 c - a +0 kite shield (worn)
 j - a +2 pair of boots (worn)
 v - a +0 cloak (worn)
 L - the +1 plate armour of Wavul (worn) {rPois Stlth+}
   (You found it on level 4 of the Lair of Beasts)

   It protects you from poison.
   It makes you more stealthy.
Jewellery
 g - an amulet of guardian spirit (around neck)
 m - an uncursed amulet of regeneration
 n - a ring of protection from magic (right hand)
 r - an uncursed ring of positive energy
 D - a +3 ring of strength (left hand)
Wands
 d - a wand of scattershot (13)
 u - a wand of flame (31)
 B - a wand of clouds (6)
 G - a wand of digging (3)
 H - a wand of enslavement (13)
 K - a wand of iceblast (6)
Scrolls
 b - 4 scrolls of remove curse
 e - a scroll of fear
 h - 4 scrolls of identify
 k - 6 scrolls of teleportation
 o - 2 scrolls of blinking
 A - 2 scrolls of immolation
 I - 3 scrolls of amnesia
 N - 2 scrolls of fog
Potions
 i - 2 potions of stabbing
 l - a potion of magic
 p - 3 potions of might
 q - 6 potions of curing
 t - 2 potions of invisibility
 x - 3 potions of haste
 z - 5 potions of brilliance
 F - 4 potions of flight
 J - 2 potions of resistance
 M - a potion of cancellation
 S - a potion of ambrosia
Miscellaneous
 R - a tin of tremorstones
Comestibles
 f - 27 rations


   Skills:
 + Level 11.6 Fighting
 - Level 13.8(15.8) Axes
 + Level 11.5(13.5) Maces & Flails
 * Level 3.4 Crossbows
 - Level 3.2 Throwing
 + Level 11.8 Armour
 - Level 1.7 Stealth
 - Level 3.5 Shields
 + Level 9.0 Unarmed Combat
 - Level 8.0 Invocations


You had 12 spell levels left.
You didn't know any spells.
Your spell library contained the following spells:

 Spells                   Type           Power        Failure   Level  Hunger
 Sandblast                Erth           #.....       100%        1    ##.....
 Shock                    Conj/Air       #...         100%        1    ##.....
 Summon Small Mammal      Summ           #...         100%        1    ##.....
 Call Imp                 Summ           #.......     100%        2    ###....
 Passwall                 Tmut/Erth      #.......     100%        2    ###....
 Swiftness                Chrm/Air       #.......     100%        2    ###....
 Call Canine Familiar     Summ           #.......     100%        3    ####...
 Static Discharge         Conj/Air       #.......     100%        3    ####...
 Stone Arrow              Conj/Erth      #.....       100%        3    ####...
 Summon Guardian Golem    Hex/Summ       #.......     100%        3    ####...
 Airstrike                Air            #.........   100%        4    #####..
 Petrify                  Tmut/Erth      #.......     100%        4    #####..
 Summon Ice Beast         Ice/Summ       #.......     100%        4    #####..
 Summon Lightning Spire   Summ/Air       #.......     100%        4    #####..
 Lee's Rapid Deconstruct  Erth           #.........   100%        5    ######.
 Lightning Bolt           Conj/Air       #.........   100%        5    ######.


Dungeon Overview and Level Annotations

Branches:
Dungeon (10/15)            Temple (0/1) D:6            Lair (6/6) D:9
  Swamp (0/4) Lair:4       Spider (3/4) Lair:3        Slime (0/5) Lair:5
  Sewer (visited)
    Orc: D:9-12

Altars:
Dithmenos
Kikubaaqudgha
Makhleb
Okawaru
Sif Muna
Trog
Jiyva

Shops:
D:5 }   D:7 %%?%   D:8 [

Portals:
Ice
Cave: Spider:2


Innate Abilities, Weirdness & Mutations

You have a beak for a mouth.
You are partially covered in molten scales. (AC +2)
You occasionally shout uncontrollably at your foes.


Message History

The entropy weaver is heavily wounded.
You slash the wolf spider! The wolf spider hits you!
The wolf spider barely misses you. The wolf spider hits you!
* * * LOW HITPOINT WARNING * * *
The wolf spider bites you but does no damage.
You block the entropy weaver's attack. x3
The entropy weaver hits you but does no damage.
You fade into invisibility!
You block the wolf spider's attack.
The wolf spider bites you but does no damage.
The wolf spider hits you but does no damage.
The wolf spider bites you!
* * * LOW HITPOINT WARNING * * *
The entropy weaver gestures wildly while chanting.
The entropic weave corrodes you! The wolf spider barely misses you.
The wolf spider bites you!
* * * LOW HITPOINT WARNING * * *
The entropy weaver hits you but does no damage.
The entropy weaver hits you!
You die...

,,,,,**,,,..^.....#.#^.#
,,,,..#,,,...#.........####
,,,...###,,,,#.....#..#...##
^,......#,,,,##....†.......#
*,......#*#####^......†....#
###.....###.^###..........####
.......##.....####^..........####
......##......##.†....##.....#...
....###..†....##@a..###.....^....
....^....<...####s....#...†......
.^..............##....#..........
..........#......#....#####......
..##..#..##......#....##........#
.#########......#≈#####^.....####
## #.....##...##........#
##^.........#....^...#
##..............#..##


You could see an entropy weaver and a wolf spider (berserk).

Vanquished Creatures
  A two-headed ogre (D:7)
  An unseen horror (D:8)
  A lindwurm (Lair:5)
  An orb spider (Spider:2)
  A moth of wrath (Spider:2)
  A wolf spider (Spider:2)
  3 black mambas
  A rime drake (Lair:5)
  9 spiny frogs
  A demonic crawler (Spider:2)
  4 komodo dragons
  A queen bee (Lair:2)
  2 tyrant leeches (Lair:4)
  3 polar bears
  Grinder (D:3)
  3 jumping spiders (Lair:3)
  2 hornets (Spider:2)
  10 hippogriffs
  16 blink frogs
  4 dream sheep (Lair:5)
  Sigmund (D:3)
  A wyvern (Lair:4)
  5 redbacks
  2 tarantellas
  44 yaks
  Eustachio (D:4)
  3 basilisks
  A hungry ghost (D:8)
  5 wargs
  5 hell hounds
  12 water moccasins
  6 porcupines
  2 ice beasts (D:9)
  6 black bears
  2 orc warriors
  2 necrophages
  2 sky beasts (D:8)
  A phantom (D:10)
  18 wolves
  5 ogres
  3 centaurs
  9 crocodiles
  Blork the orc (D:5)
  9 bullfrogs
  3 scorpions
  25 killer bees (Lair:2)
  2 wights (D:10)
  2 howler monkeys
  3 crimson imps
  2 quasits
  2 bullfrog zombies
  5 jellies
  Crazy Yiuf (D:3)
  4 orc priests
  2 bullfrog skeletons
  4 hounds
  2 centaur skeletons
  3 iguanas
  Terence (D:3)
  13 orc wizards
  5 worker ants
  3 hound zombies
  2 howler monkey zombies
  A worker ant zombie (D:10)
  11 adders
  7 gnolls
  A shadow imp (D:6)
  5 oozes (D:9)
  An adder skeleton (D:6)
  5 worms
  5 leopard geckos
  21 orcs
  14 bats
  4 giant cockroaches
  6 goblins
  7 hobgoblins
  6 jackals
  6 quokkas
  7 ball pythons
  11 frilled lizards
  10 kobolds
  A leopard gecko skeleton (D:6)
  A leopard gecko zombie (D:8)
  A rat (D:2)
427 creatures vanquished.

Vanquished Creatures (collateral kills)
  2 hydras
  A black mamba (Lair:3)
  A rime drake (Lair:3)
  4 blink frogs (Lair:3)
  A dream sheep (Lair:5)
  8 yaks
  A hungry ghost (D:10)
  2 swamp worms (Lair:4)
  A water moccasin (Lair:2)
  A centaur (D:9)
  A big kobold (D:10)
  A bullfrog (D:9)
  A wight (D:10)
  2 howler monkeys
  A jelly (D:9)
  A hound (D:9)
  A worker ant (D:9)
  4 kobolds (D:10)
34 creatures vanquished.

Vanquished Creatures (others)
  A jumping spider (Spider:2)
  10 fungi
  14 plants
25 creatures vanquished.

Grand Total: 486 creatures vanquished

Notes
Turn   | Place    | Note
-------+----------+-------------------------------------------
     0 | D:1      | KiliKikkendorf the Hill Orc Fighter began the quest for the
                  | Orb.
     0 | D:1      | Reached XP level 1. HP: 19/19 MP: 1/1
    94 | D:1      | Reached XP level 2. HP: 9/27 MP: 2/2
   121 | D:1      | Reached skill level 3 in Axes
   612 | D:2      | Reached XP level 3. HP: 25/33 MP: 3/3
  1504 | D:3      | Noticed Terence
  1520 | D:3      | Killed Terence
  1520 | D:3      | Reached skill level 4 in Axes
  1520 | D:3      | Reached XP level 4. HP: 40/41 MP: 4/4
  1598 | D:3      | Gained mutation: Your muscles are strong. (Str +2) [potion
                  | of mutation]
  1598 | D:3      | Gained mutation: You are frail. (-10% HP) [potion of
                  | mutation]
  1598 | D:3      | Gained mutation: You have a beak for a mouth. [potion of
                  | mutation]
  1598 | D:3      | Gained mutation: You passively map a small area around you.
                  | [potion of mutation]
  1599 | D:3      | Lost mutation: Your muscles are strong. (Str +2) [potion of
                  | mutation]
  1599 | D:3      | Lost mutation: You are frail. (-10% HP) [potion of
                  | mutation]
  1599 | D:3      | Lost mutation: You passively map a small area around you.
                  | [potion of mutation]
  1599 | D:3      | Gained mutation: You occasionally shout uncontrollably at
                  | your foes. [potion of mutation]
  1599 | D:3      | Gained mutation: You are partially covered in molten
                  | scales. (AC +2) [potion of mutation]
  1732 | D:3      | Found a burning altar of Makhleb,
  1738 | D:3      | Became a worshipper of Makhleb the Destroyer
  1793 | D:3      | Reached XP level 5. HP: 47/47 MP: 5/5
  1996 | D:3      | Found a runed translucent door,
  1997 | D:3      | Noticed Crazy Yiuf
  2128 | D:3      | Noticed Sigmund
  2138 | D:3      | Reached skill level 5 in Axes
  2153 | D:3      | Killed Sigmund
  2153 | D:3      | Reached skill level 5 in Fighting
  2153 | D:3      | Reached skill level 6 in Axes
  2153 | D:3      | Reached skill level 1 in Unarmed Combat
  2153 | D:3      | Reached skill level 1 in Invocations
  2153 | D:3      | Reached XP level 6. HP: 36/56 MP: 4/7
  2200 | D:3      | You fall into a shaft and drop 2 floors!
  2200 | D:5      | Entered Level 5 of the Dungeon
  2357 | D:5      | Reached XP level 7. HP: 49/61 MP: 5/8
  2360 | D:5      | Reached skill level 5 in Armour
  2360 | D:5      | Reached skill level 1 in Throwing
  2433 | D:5      | Found Puyrib's Gadget Shop,
  2741 | D:4      | Reached skill level 7 in Axes
  2835 | D:4      | Noticed Eustachio
  2869 | D:4      | Killed Eustachio
  2869 | D:4      | Reached XP level 8. HP: 63/69 MP: 8/10
  2896 | D:4      | Reached * piety under Makhleb
  3308 | D:3      | Noticed Grinder
  3327 | D:3      | Reached skill level 8 in Axes
  3333 | D:3      | Paralysed by Grinder for 4 turns
  3347 | D:3      | Paralysed by Grinder for 4 turns
  3364 | D:3      | Paralysed by Grinder for 6 turns
  3372 | D:3      | Killed Grinder
  3593 | D:3      | Killed Crazy Yiuf
  3989 | D:5      | Noticed Blork the orc
  4003 | D:5      | Killed Blork the orc
  4158 | D:5      | Found a shimmering blue altar of Sif Muna,
  4188 | D:5      | Reached skill level 1 in Stealth
  4280 | D:6      | Found a glowing drain,
  4289 | D:6      | Reached skill level 5 in Invocations
  4293 | D:6      | Reached skill level 9 in Axes
  4308 | Sewer    | Entered a sewer
  4409 | Sewer    | Reached ** piety under Makhleb
  4549 | Sewer    | Reached XP level 9. HP: 42/75 MP: 7/12
  5093 | D:6      | Found a staircase to the Ecumenical Temple,
  5463 | D:6      | Found an ancient bone altar of Kikubaaqudgha,
  5770 | D:7      | Reached skill level 10 in Axes
  6008 | D:7      | Found Duireog's Magic Scroll Shoppe,
  6015 | D:7      | Found Toeluase's Food Emporium,
  6069 | D:7      | Found Xuzoory's Food Emporium,
  6549 | D:7      | Found Plog's Food Shop,
  6889 | D:8      | Noticed a two-headed ogre
  6901 | D:7      | Killed a two-headed ogre
  6901 | D:7      | Reached skill level 11 in Axes
  6901 | D:7      | Reached XP level 10. HP: 84/84 MP: 12/15
  6949 | D:8      | Found a shadowy altar of Dithmenos,
  6984 | D:8      | Found Unearar's Armour Shop,
  7023 | D:8      | Reached *** piety under Makhleb
  7038 | D:8      | Reached skill level 5 in Unarmed Combat
  7151 | D:8      | Reached skill level 12 in Axes
  7255 | D:8      | Found a bloodstained altar of Trog,
  7256 | D:8      | Found an iron altar of Okawaru,
  8624 | D:10     | Entered Level 10 of the Dungeon
  8882 | D:10     | Reached XP level 11. HP: 69/93 MP: 9/16
  8885 | D:10     | Reached skill level 13 in Axes
  9030 | D:9      | Reached **** piety under Makhleb
  9030 | D:9      | Reached skill level 1 in Maces & Flails
  9185 | D:9      | Found a staircase to the Lair,
  9215 | Lair:1   | Entered Level 1 of the Lair of Beasts
  9823 | Lair:1   | Noticed an eight-headed hydra
 10018 | D:9      | Reached skill level 5 in Maces & Flails
 10279 | D:8      | Killed an unseen horror
 10489 | D:9      | Killed an eight-headed hydra
 11568 | Lair:2   | Noticed an eight-headed hydra
 11928 | Lair:2   | Reached XP level 12. HP: 58/103 MP: 9/18
 12755 | Lair:2   | Killed an eight-headed hydra
 13544 | Lair:3   | Reached skill level 10 in Armour
 13821 | Lair:3   | You fall into a shaft and drop 1 floor!
 13887 | Lair:4   | Got a scorched plate armour
 13898 | Lair:4   | Identified the +1 plate armour of Wavul {rPois Stlth+} (You
                  | found it on level 4 of the Lair of Beasts)
 13999 | Lair:4   | Reached ***** piety under Makhleb
 14007 | Lair:4   | Reached skill level 10 in Fighting
 14157 | Lair:4   | Found a staircase to the Swamp,
 14358 | Lair:4   | Reached skill level 10 in Maces & Flails
 14432 | Lair:5   | Reached XP level 13. HP: 113/113 MP: 19/19
 14941 | Lair:5   | Got a brightly glowing hand crossbow
 14942 | Lair:5   | Identified the +5 hand crossbow "Goblinbane" {elec, SInv}
                  | (You found it on level 5 of the Lair of Beasts)
 15086 | Lair:5   | Found a viscous altar of Jiyva,
 15087 | Lair:5   | Found a staircase to the Slime Pits,
 15363 | Lair:6   | Entered Level 6 of the Lair of Beasts
 15710 | Lair:5   | Reached skill level 1 in Crossbows
 16616 | Lair:3   | Found a hole to the Spider Nest,
 16671 | Spider:1 | Entered Level 1 of the Spider Nest
 16768 | Spider:1 | You fall into a shaft and drop 1 floor!
 16880 | Spider:2 | Found a frozen archway,
 16898 | Spider:3 | Noticed an entropy weaver
 16951 | Spider:2 | HP: 5/116 [wolf spider (8)]
 16951 | Spider:2 | Slain by an entropy weaver

Levels and vault maps discovered:
D:1:      ebering_trefoil_twist, layout_rooms, serial_forest,
          infiniplex_forest_end_2, infiniplex_forest_lined_room_3,
          infiniplex_forest_lined_3, infiniplex_forest_diagonal,
          infiniplex_forest_clump_small, infiniplex_forest_clump_curved,
          infiniplex_forest_straight_2, infiniplex_forest_lined_ring,
          chequers_serial_rivers_marsh
D:2:      layout_basic
D:3:      layout_basic, makhleb_heckhound_becter, first_ration, uniq_sigmund,
          uniq_terence, uniq_crazy_yiuf_cottage, uniq_grinder
D:4:      layout_basic, uniq_eustachio
D:5:      layout_rooms, led_sif_book, serial_shops, shop, nrook_campfire,
          uniq_blork_the_orc
D:6:      layout_gridville, kiku_gazebo_pond_becter, minmay_temple_entry_wispy,
          cheibrodos_sewer_entry_sluice
D:7:      layout_basic, serial_shops, shop_fountains, shop, shop,
          nicolae_shop_window_shopping
D:8:      layout_rooms, grunt_temple_overflow_bloody_war, grunt_dithmenos_smoke,
          serial_shops, nicolae_shop_statue_plus
D:9:      layout_cave_pods, erik_lair_orcish_takeover,
          hangedman_little_slice_of_home, minmay_orc_keep
D:10:     minmay_evil_eye, layout_irregular_city
Lair:1:   layout_small_grid, hangedman_lair_generics_rect,
          infiniplex_staircase_pool
Lair:2:   layout_roguey [special_room_bee], lemuel_fruit_tree
Lair:3:   layout_chaotic_city, nicolae_spider_entry_tight_spaces,
          roderic_batcave, small_statue_intersection
Lair:4:   layout_misc_corridors, minmay_swamp_entry_worms,
          small_statue_intersection
Lair:5:   layout_regular_city, dpeg_slime_entry_enclosed_altar
Lair:6:   hangedman_lair_in_review, layout_hall_layers,
          hangedman_lair_caniforms_friends, ldierk_geyser, serial_bayou_shore_a
Spider:1: layout_spider_delve, ebering_ghost_rock_garden, drop_trap
Spider:2: layout_spider_delve, portal_ice_cave_entry_pillars_four
Spider:3: layout_spider_delve, drop_trap, worms_lemuel

Skill      XL: |  1  2  3  4  5  6  7  8  9 10 11 12 13 |
---------------+----------------------------------------+-----
Axes           | 3 4 6 7 9 11 12 13 | 13.8
Fighting       | 4 5 6 7 8 10 11 | 11.6
Armour         | 4 5 6 7 8 10 11 | 11.8
Unarmed Combat | 1 2 3 4 6 8 9 |  9.0
Invocations    | 1 2 3 5 6 7 8 |  8.0
Throwing       | 1 2 3 |  3.2
Stealth        | 1 |  1.7
Maces & Flails | 6 10 11 | 11.5
Crossbows      | 3 |  3.4
Shields        | |  3.5

Action                   |  1- 3 |  4- 6 |  7- 9 | 10-12 | 13-15 || total
-------------------------+-------+-------+-------+-------+-------++-------
Melee: War axe           |   114 |    61 |   435 |   257 |       ||   867
       Peck              |       |     8 |    78 |   159 |    72 ||   317
       Flail             |       |       |       |   482 |   169 ||   651
       Broad axe         |       |       |       |    91 |   188 ||   279
 Fire: Hand crossbow     |       |       |       |       |    26 ||    26
Throw: Boomerang         |     1 |     7 |    44 |     2 |       ||    54
       Javelin           |       |       |    12 |    48 |     4 ||    64
Invok: Lesser Servant of |       |       |       |    20 |     3 ||    23
       Minor Destruction |       |       |       |     3 |       ||     3
       Major Destruction |       |       |       |     3 |     1 ||     4
  Use: Scroll            |     6 |     1 |     7 |     8 |     6 ||    28
       Potion            |       |     8 |     3 |     4 |     4 ||    19
 Stab: Invisible         |       |       |       |     1 |       ||     1
       Distracted        |       |       |       |     1 |       ||     1
  Eat: Chunk             |     1 |       |    12 |    10 |     7 ||    30
       Ration            |     1 |       |     1 |     6 |     1 ||     9
Armor: Scale mail        |    45 |       |       |       |       ||    45
       Plate armour      |    18 |    53 |   290 |   715 |   364 ||  1440
       Skin              |       |       |       |       |     7 ||     7
Dodge: Dodged            |    39 |    12 |    81 |   197 |   118 ||   447
Block: Kite shield       |    77 |    32 |   226 |   487 |   255 ||  1077

Table legend:
 A = Non-vault XP
 B = Vault XP
 C = Vault XP percentage of total XP
 D = Non-vault monster count
 E = Vault monster count
 F = Vault count percentage of total count
                 A         B        C        D         E       F
            +---------+---------+-------+---------+---------+-------
      Total |   40035 |   14035 |  26.0 |     331 |     131 |  28.4
            +---------+---------+-------+---------+---------+-------
        D:1 |      22 |       0 |   0.0 |      13 |       0 |   0.0
        D:2 |      52 |       0 |   0.0 |      19 |       0 |   0.0
        D:3 |     159 |     630 |  79.8 |      15 |       5 |  25.0
        D:4 |     376 |     120 |  24.2 |      20 |       1 |   4.8
        D:5 |     465 |     171 |  26.9 |      13 |       3 |  18.8
        D:6 |     952 |      11 |   1.1 |      20 |       3 |  13.0
        D:7 |    1587 |       0 |   0.0 |      19 |       0 |   0.0
        D:8 |    2137 |     129 |   5.7 |      24 |       1 |   4.0
        D:9 |    2103 |    1550 |  42.4 |      29 |      16 |  35.6
       D:10 |    2024 |     169 |   7.7 |      26 |       2 |   7.1
     Lair:1 |    2771 |     716 |  20.5 |      11 |       5 |  31.2
     Lair:2 |    4431 |    1873 |  29.7 |      19 |      26 |  57.8
     Lair:3 |    5079 |    1775 |  25.9 |      27 |      16 |  37.2
     Lair:4 |    4097 |     652 |  13.7 |      18 |       4 |  18.2
     Lair:5 |    8182 |    3802 |  31.7 |      37 |      15 |  28.8
     Lair:6 |    2236 |    2198 |  49.6 |      11 |      14 |  56.0
   Spider:1 |     214 |       0 |   0.0 |       1 |       0 |   0.0
   Spider:2 |    3148 |       0 |   0.0 |       9 |       0 |   0.0
      Sewer |       0 |     239 | 100.0 |       0 |      20 | 100.0
            +---------+---------+-------+---------+---------+-------
